 Seeded DCSS version 0.30-a0-165-g1891117ce2 (webtiles) character file.

Game seed: 20220925 (custom seed)

222 a11behringer the Chopper (level 5, 0/47 HPs)
             Began as a Hill Orc Fighter on Sept 28, 2022.
             Slain by an orc priest
             ... wielding a +0 dagger
              (2 damage)
             ... on level 4 of the Dungeon.
             The game lasted 00:05:50 (2507 turns).

a11behringer the Chopper (Hill Orc Fighter)         Turns: 2507, Time: 00:05:50

Health: 0/47       AC:  7    Str: 21    XL:     5   Next: 99%
Magic:  5/5        EV:  9    Int: 14    God:
Gold:   99         SH:  4    Dex: 10    Spells: 4/4 levels left

rFire   . . .      SeeInvis .    a - +0 war axe
rCold   . . .      Faith    .    c - +0 buckler
rNeg    . . .      Spirit   .    b - +0 scale mail
rPois   .          Reflect  .    (no helmet)
rElec   .          Harm     .    (no cloak)
rCorr   .          Rampage  .    (no gloves)
Will    .....                    (no boots)
Stlth   ..........               (no amulet)
HPRegen 0.15/turn                n - +6 ring of intelligence
MPRegen 0.09/turn                (no ring)

@: no status effects
A: no striking features
a: Convert to Beogh


You were on level 4 of the Dungeon.
You visited 1 branch of the dungeon, and saw 4 of its levels.

You collected 99 gold pieces.

Inventory:

Hand Weapons
 a - a +0 war axe (weapon)
 k - a +0 sling
Missiles
 i - 3 poisoned darts (quivered)
Armour
 b - a +0 scale mail (worn)
 c - a +0 buckler (worn)
Jewellery
 n - a +6 ring of intelligence (left hand)
Scrolls
 e - 3 scrolls of identify {unknown}
 g - a scroll of magic mapping {unknown}
 h - a scroll of poison {unknown}
 m - a scroll of fear {unknown}
 o - 3 scrolls of amnesia {unknown}
 q - a scroll of silence {unknown}
Potions
 d - a potion of might
 f - a potion of cancellation {unknown}
 j - 2 potions of degeneration {unknown}
 l - a potion of brilliance {unknown}
 p - a potion of magic {unknown}


   Skills:
 + Level 4.7 Fighting
 * Level 5.4 Axes
 + Level 4.2 Armour
 + Level 4.3 Shields


You had 4 spell levels left.
You didn't know any spells.
Your spell library contained the following spells:

 Spells                   Type           Power      Damage    Failure   Level
 Ozocubu's Armour         Ice            0%         N/A       96%         3
 Metabolic Englaciation   Hex/Ice        0%         N/A       100%        5
 Simulacrum               Ice/Necr       0%         N/A       100%        6


Dungeon Overview and Level Annotations

Branches:
Dungeon (3/15)

Altars:

Shops:
D:2 (   D:4 =?


Message History

The kobold is heavily wounded.
The kobold hits you with a +0 short sword.
The kobold hits you but does no damage.
You barely miss the kobold.
The kobold is heavily wounded.
The kobold hits you but does no damage.
You hit the kobold.
You kill the kobold!
An orc priest comes into view. It is wielding a +0 dagger.
A quokka comes into view.
The worm bites you but does no damage.
Items here: ( )) [.
You hit the worm.
The worm is moderately wounded.
The worm bites you.
You barely miss the worm.
The worm is moderately wounded.
The worm bites you but does no damage.
The orc priest shouts, "Surrender to Beogh and we'll let you live!" (press Y on the ability menu to convert to Beogh)
You hit the worm.
The worm is moderately wounded.
You barely miss the orc priest.
The orc priest hits you but does no damage.
The orc priest shouts, "Beogh is our master!
Accept the truth or die!"
You slash the worm!
The worm is almost dead.
You barely miss the orc priest.
The orc priest mumbles some strange prayers to Beogh against you.
Beogh smites you! The worm bites you!
The orc priest mumbles some strange prayers to Beogh against you.
Beogh smites you!
* * * LOW HITPOINT WARNING * * *
Unknown command.
Okay, then.
You barely miss the orc priest. You slash the worm!
You kill the worm!
The orc priest shouts, "Beogh is our master!
Accept the truth or die!"
The orc priest hits you with a +0 dagger.
You die...

..# #.# ...
#.# # #r# #
# #.# # #o
#o# #
####..##@##
#
......†o..#
#######
###...##.$#
.......
#.......#
#######
#.#####.# #
# #.# # #.#
# # #.#.# #
#(#####.#.#
#


You could see an orc priest, an orc and a quokka.

Vanquished Creatures
  An ogre (D:2)
  2 hounds (D:4)
  An adder (D:3)
  2 worms (D:4)
  4 dart slugs
  An orc (D:4)
  2 ball pythons (D:1)
  3 bats
  6 endoplasms
  5 giant cockroaches
  A goblin (D:2)
  9 hobgoblins
  2 jackals (D:1)
  7 kobolds
  A quokka (D:1)
  4 frilled lizards
  5 rats
56 creatures vanquished.

Notes
Turn   | Place    | Note
-------+----------+-------------------------------------------
     0 | D:1      | a11behringer the Hill Orc Fighter began the quest for the
                  | Orb.
     0 | D:1      | Reached XP level 1. HP: 19/19 MP: 1/1
   140 | D:1      | Reached skill level 3 in Axes
   239 | D:1      | Reached XP level 2. HP: 25/27 MP: 2/2
   813 | D:1      | Reached XP level 3. HP: 26/33 MP: 3/3
  1388 | D:2      | Found a faded altar of an unknown god.
  1417 | D:2      | Found Iceqin's Weapon Emporium.
  1444 | D:2      | Noticed an ogre
  1458 | D:2      | Killed an ogre
  1459 | D:2      | Reached skill level 4 in Axes
  1459 | D:2      | Reached XP level 4. HP: 20/41 MP: 4/4
  1459 | D:2      | Reached XP level 5. HP: 22/47 MP: 5/5
  2269 | D:3      | Reached skill level 5 in Axes
  2272 | D:3      | You fall into a shaft and drop 1 floor!
  2272 | D:4      | Found Suijecw's Magic Scroll Boutique.
  2278 | D:4      | Found Rocipn's Jewellery Emporium.
  2506 | D:4      | HP: 2/47 [orc priest/divine providence (15)]
  2507 | D:4      | Slain by an orc priest

Illustrated notes

Levels and vault maps discovered:
D:1:      dpeg_arrival_three_bigger_balls, layout_basic
D:2:      layout_basic, serial_shops, shop, dreamdust_ecumenical_altar_statues,
          minmay_heptomino_d4
D:3:      layout_rooms, chequers_mini_garden
D:4:      layout_basic, worldfamousw_hep_ancestral_shrine,
          minmay_temple_entry_slanted, serial_shops, nicolae_stop_n_shop_1,
          shop, kennysheep_mini, nicolae_shop_temple_entry_statues_fountains,
          shop

Skill      XL: |  1  2  3  4  5 |
---------------+----------------+-----
Axes           | 3 4 5 |  5.4
Fighting       | 4 |  4.7
Armour         | 4 |  4.2
Shields        | 4 |  4.3

Action                   |  1- 3 |  4- 6 || total
-------------------------+-------+-------++-------
Melee: War axe           |   103 |    91 ||   194
Armor: Scale mail        |    56 |    47 ||   103
Dodge: Dodged            |    52 |    41 ||    93
Block: Buckler           |    19 |    19 ||    38

Table legend: (Time is in decaauts)
 A = Elapsed time spent in this place.
 B = Non-inter-level travel time spent in this place.
 C = Inter-level travel time spent in this place.
 D = Time resting spent in this place.
 E = Time spent auto-exploring this place.
 F = Levels seen in this place.
 G = Mean time per level.
                   A        B        C        D        E       F      G
               +--------+--------+--------+--------+--------+-----+--------+
         Total |   2570 |   2514 |     56 |      0 |   2110 |   4 |  642.5 |
       Dungeon |   2570 |   2514 |     56 |      0 |   2110 |   4 |  642.5 |
               +--------+--------+--------+--------+--------+-----+--------+

Top non-repeatable levels by time:
     D:1: 1366 daAuts
     D:2: 913 daAuts
     D:4: 243 daAuts
     D:3: 46 daAuts
